Map: Galactic Process LE

Players

Phonon - Winner!

  • Race: Terran Terran
  • League: Platinum
  • Spawn Location: 7:00

Fropez

  • Race: Protoss Protoss
  • League: Gold
  • Spawn Location: 1:00

VOD

Have the link to the VOD?

Description

Time

  • Played on: Nov. 9, 2016, 12:35 p.m.
  • Length: 20:58
Show
View Real Time Build Order
Export as new Build Order

Phonon Terran - Winner!

Build Orders: MMM Bio 

Get SALT Encoding   

  12  0:01  SCV  
  13  0:13  SCV  
  14  0:21  Supply Depot  
  14  0:26  SCV  
  15  0:43  SCV  
  16  0:54  Barracks  
  16  0:55  SCV  
  17  0:58  Supply Depot  
  17  1:01  Refinery  
  17  1:07  SCV  
  18  1:19  SCV  
  19  1:31  SCV  
  20  1:49  Marine  
  20  1:51  Command Center  
  21  2:00  Orbital Command  
  21  2:07  Marine  
  22  2:20  Supply Depot  
  22  2:25  Marine  
  23  2:31  Engineering Bay  
  23  2:35  SCV  
  24  2:42  Marine, Refinery  
  25  2:49  SCV  
  26  2:55  Factory  
  26  3:04  Missile Turret  
  26  3:05  SCV  
  27  3:25  Orbital Command, SCV  
  28  3:28  Marine  
  29  3:37  Barracks  
  29  3:38  SCV  
  29  3:44  Factory Tech Lab  
  29  3:50  SCV  
  29  3:54  Marine  
  31  3:56  SCV  
  32  4:03  SCV  
  32  4:08  SCV  
  34  4:11  Marine  
  34  4:13  Siege Tank  
  34  4:16  SCV  
  39  4:19  Orbital Command  
  39  4:22  Supply Depot  
  40  4:29  Marine  
  40  4:44  Barracks Tech Lab  
  40  4:47  Bunker  
  40  4:49  SCV x2  
  42  4:56  Marine, Missile Turret  
  42  4:57  Siege Tank  
  46  5:03  Starport  
  46  5:08  SCV  
  46  5:09  SCV, Supply Depot  
  46  5:13  Marine  
  49  5:15  Refinery  
  49  5:21  Missile Turret  
  49  5:22  SCV  
  49  5:26  Marauder  
  51  6:07  SCV  
  49  6:17  Barracks Tech Lab  
  49  6:19  Barracks Tech Lab, Missile Turret  
  49  6:27  Missile Turret  
  49  6:29  Starport Reactor  
  49  6:32  SCV, Missile Turret  
  50  6:33  SCV  
  51  6:41  Supply Depot  
  51  6:43  Marauder  
  51  6:44  Marauder, Missile Turret  
  51  6:45  SCV x2  
  51  6:46  Stimpack, Combat Shields  
  57  6:49  Siege Tank  
  60  6:57  SCV x2  
  60  7:00  Barracks  
  60  7:01  Terran Infantry Armor Level 1  
  62  7:09  SCV x2, Refinery  
  62  7:12  Marine x2  
  62  7:13  Missile Turret  
  62  7:15  Medivac  
  68  7:16  Medivac  
  68  7:21  SCV x2  
  68  7:22  Supply Depot  
  72  7:30  Marine  
  72  7:33  SCV x2, Barracks  
  75  7:37  Engineering Bay  
  75  7:41  Marine  
  75  7:44  Siege Tank  
  79  7:45  SCV x2  
  79  7:48  Marine  
  82  7:57  SCV x2  
  84  8:05  Medivac  
  86  8:06  Command Center  
  86  8:10  Barracks Reactor  
  86  8:18  Supply Depot  
  86  8:37  SCV  
  86  8:40  SCV, Medivac  
  88  8:49  SCV  
  88  8:52  SCV  
  90  9:01  SCV  
  91  9:04  SCV  
  92  9:11  Marauder  
  92  9:16  Marine  
  94  9:17  Marine x2, Siege Tank, Missile Turret  
  94  9:18  Marauder  
  92  9:33  SCV  
  92  9:34  SCV  
  93  9:45  SCV  
  93  9:46  SCV  
  95  9:58  SCV x2, Command Center  
  97  10:02  Refinery  
  97  10:03  Refinery  
  97  10:05  Missile Turret  
  97  10:10  SCV x2  
  99  10:16  Marine x4  
  99  10:17  Marauder  
  99  10:18  Siege Tank  
  108  10:22  SCV  
  108  10:27  SCV  
  108  10:34  Marine  
  109  11:09  Marine x3, SCV x2, Viking x2, Siege Tank, Marauder  
  123  11:13  Planetary Fortress, Marauder  
  124  11:32  Planetary Fortress  
  124  11:42  Missile Turret  
  124  11:57  Supply Depot  
  124  12:00  Supply Depot  
  124  12:02  Terran Infantry Weapons Level 1  
  124  12:05  Armory  
  124  12:06  Refinery  
  124  12:10  Refinery  
  124  12:18  Marine x3  
  124  12:19  Siege Tank, SCV x2  
  124  12:21  Marine x2  
  124  12:22  SCV  
  135  12:25  Supply Depot  
  135  12:27  Viking, Medivac  
  135  12:28  Supply Depot  
  136  12:31  SCV x2  
  136  12:34  SCV  
  136  12:36  SCV  
  140  12:37  Marauder  
  140  12:38  Marine  
  140  12:45  Missile Turret  
  140  12:46  Marine x2, SCV x3  
  140  12:47  Marauder  
  140  12:48  SCV  
  140  12:51  Siege Tank  
  151  12:56  Marine  
  151  12:57  Viking, Medivac  
  156  12:58  Missile Turret  
  156  13:00  Missile Turret  
  156  13:04  Missile Turret  
  156  13:08  Missile Turret  
  156  13:10  Missile Turret  
  156  13:27  Supply Depot  
  156  13:28  Barracks  
  156  13:30  Supply Depot  
  156  13:32  Supply Depot  
  156  13:33  Supply Depot  
  156  13:37  Supply Depot  
  156  13:38  Terran Infantry Armor Level 2  
  156  13:41  Marine  
  156  13:42  SCV  
  156  13:47  SCV  
  156  13:48  Marine x3  
  156  13:49  Siege Tank, SCV x2, Marauder  
  156  13:54  SCV  
  162  13:59  SCV  
  162  14:01  SCV x2  
  156  14:06  Marine  
  156  14:07  Marine x3  
  156  14:10  Marauder  
  152  14:25  Marauder  
  152  14:30  Missile Turret  
  155  14:31  SCV x4  
  155  14:32  Marauder  
  160  14:43  SCV x2  
  161  14:47  Marauder  
  161  14:52  SCV x2  
  165  14:55  SCV  
  165  14:56  Refinery  
  165  14:58  Missile Turret  
  166  15:04  Missile Turret  
  166  15:07  Barracks Reactor, Missile Turret  
  166  15:14  Terran Vehicle Weapons Level 1  
  166  15:16  Barracks Reactor  
  166  15:19  Marine x4  
  170  15:22  Terran Infantry Weapons Level 2  
  170  15:36  Marine  
  170  15:37  Marine  
  170  15:38  Starport  
  170  15:40  Factory  
  165  16:50  Marine  
  165  16:51  Marine x6  
  165  16:52  Marauder  
  174  17:05  Starport Tech Lab  
  174  17:08  Marine x3  
  174  17:09  Marine x3  
  174  17:10  Marauder  
  174  17:13  Marauder  
  184  17:26  Marine x4  
  188  17:31  Marauder  
  188  17:35  Marauder  
  192  17:44  Marine x4  
  182  17:52  Marauder  
  182  17:56  Marauder  
  175  18:06  Marine x4  
  175  18:07  Marine x2  
  175  18:08  Siege Tank  
  175  18:09  Viking  
  175  18:10  Viking, Medivac  
  183  18:14  Marauder  
  183  18:17  Marauder  
  183  18:19  Factory Tech Lab  
  168  18:24  Marine x6  
  162  18:35  Marauder  
  162  18:39  Viking, Marauder  
  162  18:40  Viking, Medivac  
  162  18:41  Siege Tank  
  169  18:42  Marine x4  
  166  18:56  Marauder  
  166  19:00  Marine x5, Marauder  
  166  19:01  Marine  
  164  19:09  Medivac  
  162  19:10  Viking, Medivac  
  166  19:13  Siege Tank  
  173  19:18  Marine x5, Marauder  
  173  19:22  Marauder  
  182  19:37  Command Center  
  182  19:39  Viking, Marauder, Medivac  
  187  20:05  Command Center  
  187  20:17  Command Center  
Show
View Real Time Build Order
Export as new Build Order

Fropez Protoss 

Build Orders: Blink Stalkers 

Get SALT Encoding   

  12  0:01  Probe (Chrono Boost)  
  13  0:11  Probe (Chrono Boost)  
  14  0:19  Pylon  
  14  0:22  Probe (Chrono Boost)  
  15  0:34  Assimilator  
  15  0:38  Probe (Chrono Boost)  
  16  0:43  Gateway  
  16  0:48  Probe (Chrono Boost)  
  17  0:55  Assimilator  
  17  0:59  Probe (Chrono Boost)  
  18  1:09  Gateway  
  18  1:13  Probe (Chrono Boost)  
  19  1:26  Probe (Chrono Boost)  
  19  1:32  Pylon  
  20  1:37  Cybernetics Core  
  20  1:39  Probe (Chrono Boost)  
  21  1:53  Pylon  
  21  1:55  Probe (Chrono Boost)  
  21  2:05  Probe (Chrono Boost)  
  22  2:13  Pylon  
  22  2:15  Warp Gate (Chrono Boost)  
  22  2:16  Mothership Core (Chrono Boost)  
  22  2:19  Adept  
  26  2:25  Adept  
  28  2:34  Probe (Chrono Boost)  
  29  2:48  Twilight Council  
  29  2:49  Stalker  
  31  2:55  Stalker  
  33  3:01  Probe (Chrono Boost)  
  34  3:11  Gateway  
  34  3:14  Probe  
  35  3:25  Robotics Facility  
  35  3:34  Blink (Chrono Boost)  
  35  3:39  Probe  
  36  3:56  Nexus  
  36  3:57  Probe  
  37  4:16  Probe  
  38  4:22  Observer  
  39  4:36  Pylon  
  39  4:40  Gateway  
  39  4:53  Pylon  
  39  4:55  Observer, Probe  
  39  4:59  Stalker x2  
  45  5:07  Probe  
  46  5:26  Gateway  
  46  5:28  Gateway  
  46  5:36  Assimilator  
  40  6:07  Stalker x2  
  40  6:08  Probe  
  40  6:10  Probe  
  45  6:14  Immortal (Chrono Boost)  
  45  6:18  Resonating Glaives (Chrono Boost)  
  50  6:20  Probe  
  50  6:23  Probe  
  52  6:27  Pylon  
  52  6:30  Pylon  
  52  6:32  Pylon  
  52  6:39  Forge  
  52  6:40  Stalker x3  
  52  6:47  Probe x2  
  58  6:51  Immortal (Chrono Boost)  
  63  7:03  Protoss Ground Weapons Level 1 (Chrono Boost)  
  63  7:04  Stalker x3  
  69  7:13  Pylon  
  69  7:14  Probe x2  
  71  7:16  Pylon  
  71  7:22  Assimilator  
  71  7:28  Immortal  
  71  7:29  Probe  
  76  7:30  Probe  
  77  7:43  Stalker  
  79  7:44  Stalker  
  79  7:45  Stalker  
  79  7:48  Stalker  
  85  7:51  Probe  
  87  7:58  Probe  
  87  8:12  Adept x2  
  89  8:13  Adept x3  
  101  8:38  Pylon  
  97  8:42  Immortal  
  97  8:43  Stalker x2  
  101  9:06  Adept x4  
  109  9:26  Warp Prism  
  99  9:34  Adept x3  
  99  9:35  Adept x2  
  105  9:52  Gateway  
  105  9:56  Photon Cannon  
  105  9:58  Photon Cannon  
  105  10:00  Protoss Ground Weapons Level 2  
  107  10:23  Observer, Pylon  
  106  11:02  Templar Archives  
  106  11:03  Adept x6  
  106  11:26  Immortal  
  106  11:31  Forge  
  110  11:41  Gateway  
  110  11:43  Nexus  
  110  11:44  Pylon, Psionic Storm  
  110  11:48  Pylon  
  110  11:52  Pylon, Photon Cannon  
  110  11:53  High Templar x4  
  118  11:54  Pylon  
  118  12:04  Pylon  
  118  12:05  Immortal  
  122  12:18  Protoss Ground Weapons Level 3  
  118  12:40  Protoss Shields Level 1  
  118  12:41  Pylon, Charge  
  114  12:59  High Templar x2  
  114  13:00  High Templar  
  114  13:03  Assimilator  
  120  13:07  Assimilator  
  120  13:22  Gateway  
  120  13:24  Gateway  
  120  13:27  Photon Cannon  
  120  13:32  Photon Cannon  
  106  13:57  Archon x2  
  106  14:05  Adept x4  
  106  14:06  Adept x2  
  92  14:41  Adept x3  
  92  14:42  Adept x4  
  92  14:43  Probe x2  
  108  14:55  Probe  
  109  15:04  Zealot x4  
  109  15:05  Probe, Zealot x4  
  109  15:06  Probe  
  127  15:07  Probe  
  127  15:25  Protoss Shields Level 2 (Chrono Boost)  
  126  15:41  Protoss Ground Armor Level 1 (Chrono Boost)  
  126  15:56  Nexus  
  123  15:57  Assimilator  
  123  15:58  Assimilator  
  123  15:59  Pylon  
  95  16:24  High Templar x6  
  95  16:25  High Templar x2  
  110  16:59  Zealot x4  
  110  17:00  Zealot x3  
  124  17:02  Archon x2  
  124  17:03  Archon x2  
  123  17:25  High Templar x2  
  123  17:26  High Templar x3  
  84  18:13  Zealot  
  84  18:14  Zealot x6  
  84  18:15  Zealot x2  
  92  18:20  Archon x2  
  78  18:52  High Templar x2  
  78  18:53  High Templar x4  
  84  18:56  Archon  
  84  18:57  Archon  
  62  19:09  Nexus  
  60  19:11  High Templar  
  60  19:12  Assimilator  
  60  19:16  Assimilator  
  62  19:17  Archon  
  62  19:18  Pylon  
  62  19:20  Pylon  
  62  19:31  Observer  
  62  19:40  Nexus  
  62  19:43  Assimilator  
  62  19:45  Assimilator  
  62  19:47  Pylon  
  62  19:50  Pylon  
  62  20:07  High Templar x3  
  68  20:19  Zealot x3  
  68  20:20  Zealot x3  
  79  20:37  Archon  
  79  20:38  Archon  
  56  20:48  High Templar  
  56  20:49  High Templar  
Tags
 
Add a new tag
Caveats
  • Supply blocks, unpowered buildings, or Contaminate may cause inaccurate times.
  • Supply counts are checked every 10 seconds.